AoeStats
← gokhandg100

Black Forest

510269866Analyzed
4v4 RM · 2d ago on Sep 30, 2026· 50m 31s· 8 players
Game mode
Random Map
Map size
Large (8 player)
Population
200
Speed
Normal
Resources
Standard
Victory
Conquest
Starting age
Dark Age
Ending age
Imperial Age
RankedLock teamsTeams togetherTeam positionsShared explorationLock speedFull tech treeHidden civsTurbo modeCheats
Victory
Defeat
🇹🇼 Persians · Taiwan
910
+4
🇲🇽 Varangians · Mexico
884
+4
🇫🇷 Saxons · France
701
+8
🇨🇳 Danes · China
608
+12
🇮🇳 Huns · India
596
-9
🇹🇷 Khmer · Türkiye
571
-7
🇨🇳 Spanish · China
539
-7
🇨🇳 Romans · China
495
-5
betalbaadshah
0:32 Loom
15:02 Feudal Age
16:18 Double-Bit Axe
16:17 Horse Collar
16:31 Gold Mining
16:33 Stone Mining
18:03 Wheelbarrow
18:03 Town Watch
23:03 Castle Age
22:09 Scale Barding Armor
22:04 Padded Archer Armor
21:55 Fletching
22:03 Fishing Lines
25:16 Town Patrol
25:34 Bow Saw
25:30 Heavy Plow
26:08 Gold Shaft Mining
26:55 Chain Barding Armor
26:32 Bodkin Arrow
27:16 Hand Cart
28:48 Leather Archer Armor
28:41 Gillnets
33:03 Caravan
37:06 Imperial Age
36:00 Marauders
37:19 Arson
37:34 Squires
36:54 Pikeman
36:55 Man-at-Arms
39:03 Conscription
38:15 Sappers
38:44 Halberdier
41:32 Elite Tarkan
42:39 Elite Skirmisher
45:00 Parthian Tactics
48:12 Atheism
CCxK3
5:56 Loom
13:30 Feudal Age
14:47 Wheelbarrow
14:18 Double-Bit Axe
16:04 Horse Collar
16:40 Stone Mining
16:41 Gold Mining
25:17 Castle Age
25:42 Elite Skirmisher
25:47 Pikeman
26:28 Squires
26:46 Bow Saw
27:15 Gold Shaft Mining
26:44 Heavy Plow
29:10 Hand Cart
29:37 Caravan
29:49 Town Watch
31:37 Town Patrol
37:51 Imperial Age
35:44 Scale Barding Armor
36:15 Padded Archer Armor
36:06 Fletching
37:32 Forging
37:23 Scale Mail Armor
37:43 Chain Barding Armor
37:39 Leather Archer Armor
38:26 Masonry
38:13 Murder Holes
38:40 Ballistics
40:22 Conscription
40:26 Ballistas
40:15 Halberdier
40:43 Man-at-Arms
42:58 Chain Mail Armor
43:19 Iron Casting
43:19 Architecture
44:31 Long Swordsman
45:15 Heavy Scorpion
49:30 Chemistry
49:37 Blast Furnace
48:33 Bodkin Arrow
49:09 Ring Archer Armor
49:15 Plate Barding Armor
50:05 Legionary
乾净
0:35 Loom
13:03 Feudal Age
15:13 Gold Mining
15:11 Double-Bit Axe
18:34 Castle Age
17:40 Stone Mining
17:34 Horse Collar
19:49 Gold Mining
20:30 Heavy Plow
28:35 Bow Saw
31:32 Arson
31:48 Squires
31:34 Gambesons
31:10 Pikeman
31:11 Man-at-Arms
31:54 Husbandry
32:05 Bloodlines
31:15 Light Cavalry
32:10 Forging
34:49 Long Swordsman
39:13 Imperial Age
39:11 Scale Barding Armor
39:07 Scale Mail Armor
39:43 Iron Casting
38:59 Fletching
39:09 Padded Archer Armor
39:59 Hussar
41:45 Cavalier
43:13 Stone Shaft Mining
42:31 Elite Conquistador
43:37 Halberdier
45:24 Ballistics
46:05 Chemistry
gokhandg100
7:47 Loom
16:14 Feudal Age
17:12 Horse Collar
17:20 Double-Bit Axe
22:12 Castle Age
21:30 Scale Barding Armor
23:53 Chain Barding Armor
33:00 Wheelbarrow
34:02 Heavy Plow
36:53 Imperial Age
36:09 Hand Cart
36:34 Caravan
38:41 Bow Saw
39:13 Plate Barding Armor
38:51 Tusk Swords
43:07 Elite Ballista Elephant
44:10 Padded Archer Armor
44:00 Fletching
46:22 Leather Archer Armor
47:40 Chemistry
46:29 Elite Battle Elephant
心死就在一瞬間
0:46 Loom
11:43 Feudal Age
17:43 Castle Age
16:03 Double-Bit Axe
17:08 Stone Mining
17:17 Gold Mining
24:06 Bow Saw
27:33 Horse Collar
28:52 Masonry
32:49 Imperial Age
31:29 Wheelbarrow
31:15 Caravan
31:25 Heavy Plow
32:03 Scale Barding Armor
32:57 Bloodlines
32:48 Husbandry
33:29 Gold Shaft Mining
32:23 Pikeman
34:59 Two-Man Saw
34:50 Forging
35:50 Chain Barding Armor
36:11 Hand Cart
37:59 Plate Barding Armor
38:00 Iron Casting
38:37 Elite War Elephant
43:54 Conscription
43:13 Halberdier
43:54 Squires
43:40 Arson
Red Hood
10:11 Loom
12:14 Feudal Age
13:46 Double-Bit Axe
16:58 Castle Age
15:18 Stone Mining
16:08 Horse Collar
19:41 Forging
19:52 Bow Saw
23:56 Scale Mail Armor
25:14 Iron Casting
25:18 Heavy Plow
32:42 Imperial Age
30:35 Fishing Lines
31:47 Gold Mining
32:34 Stone Shaft Mining
32:18 Chain Mail Armor
33:23 Gold Shaft Mining
35:02 Blast Furnace
35:13 Conscription
35:54 Wheelbarrow
36:29 Elite Jomsviking
37:53 Plate Mail Armor
37:25 Hamask
37:39 Elite Varangian Guard
38:21 Squires
38:07 Arson
38:08 Gambesons
38:14 Gambesons
38:32 Squires
38:19 Arson
39:32 Capped Ram
40:52 Siege Engineers
40:45 Murder Holes
43:10 Siege Ram
OrozcoJB
8:19 Loom
12:01 Feudal Age
14:59 Double-Bit Axe
15:56 Fishing Lines
17:13 Wheelbarrow
22:32 Castle Age
20:55 Horse Collar
23:55 Town Watch
24:56 Caravan
24:53 Gillnets
26:24 Fervor
26:44 Bow Saw
29:40 Treadmill Crane
32:54 Imperial Age
30:41 Hand Cart
31:16 Town Patrol
31:10 Fletching
33:01 Gold Mining
33:18 Squires
33:06 Gambesons
33:51 Elite Varangian Guard
34:17 Arson
34:38 Heavy Plow
34:38 Bodkin Arrow
34:43 Scale Mail Armor
34:54 Forging
36:33 Bow Saw
38:08 Iron Casting
38:15 Crop Rotation
39:27 Two-Man Saw
38:36 Bracer
39:10 Ballistics
38:56 Siege Engineers
40:10 Chemistry
39:18 Siege Engineers
40:30 Conscription
40:33 Gothikon
41:24 Pikeman
43:08 Blast Furnace
42:36 Masonry
42:45 Onager
44:25 Chain Mail Armor
44:16 Vendel Legacy
44:41 Halberdier
Hannibal Barca
0:52 Loom
12:05 Feudal Age
13:35 Wheelbarrow
13:03 Horse Collar
13:10 Double-Bit Axe
21:55 Castle Age
21:36 Gold Mining
21:38 Stone Mining
23:13 Bow Saw
23:05 Heavy Plow
23:23 Hand Cart
23:46 Gold Shaft Mining
23:18 Town Watch
25:25 Caravan
33:16 Imperial Age
31:28 Squires
31:15 Arson
31:16 Gambesons
31:38 Scale Mail Armor
32:29 Ballistics
33:59 Town Patrol
34:23 Conscription
33:26 Elite Hearth Troop
34:31 Forging
34:11 Fletching
35:04 Shield Wall
38:46 Two-Man Saw
38:18 Crop Rotation
37:52 Fletching
38:32 Capped Ram
41:15 Iron Casting
40:56 Chain Mail Armor
40:44 Padded Archer Armor
42:33 Hoardings
42:02 Bodkin Arrow
42:46 Elite Varangian Guard
45:14 Plate Mail Armor
44:45 Bracer
45:01 Leather Archer Armor
44:59 Siege Ram
46:08 Siege Engineers
48:25 Chemistry
47:36 Masonry
47:19 Heated Shot
48:49 Ring Archer Armor
48:17 Murder Holes
48:03 Treadmill Crane
Connection lost

Rejoining the realm…

Still unreachable

The connection could not be restored.

Session expired

The server has moved on; the page needs a fresh start.